Map: Terrasses de Prion

Players

Zeus

  • Race: Zerg Zerg
  • League: Silver

pupu - Winner!

  • Race: Protoss Protoss
  • League: Gold

VOD

Have the link to the VOD?

Description

Time

  • Played on: April 22, 2016, 11:16 a.m.
  • Length: 16:12
Show
View Real Time Build Order
Export as new Build Order

Zeus Zerg 

Build Orders: Pool First 

Get SALT Encoding   

  12  0:02  Drone  
  13  0:09  Drone  
  14  0:18  Overlord  
  14  0:35  Spawning Pool  
  14  0:38  Drone  
  14  0:41  Drone  
  15  0:45  Drone  
  16  0:50  Drone  
  17  1:01  Drone  
  19  1:11  Drone  
  19  1:33  Zergling x4  
  21  1:41  Queen, Extractor  
  21  1:46  Overlord  
  22  2:02  Hatchery  
  22  2:07  Drone x2  
  23  2:15  Drone  
  24  2:26  Drone  
  24  2:49  Drone  
  25  2:55  Spore Crawler  
  24  3:16  Zergling x4  
  24  3:17  Zergling x4  
  24  3:19  Drone  
  29  3:22  Queen  
  32  3:27  Zergling x2  
  32  3:30  Extractor, Metabolic Boost  
  31  3:40  Spore Crawler  
  30  3:52  Drone  
  30  3:53  Drone x2  
  33  3:58  Burrow  
  33  3:59  Drone x2  
  35  4:03  Overlord x2  
  35  4:26  Drone  
  35  4:30  Drone x3  
  39  4:36  Roach Warren  
  38  4:39  Drone, Spore Crawler  
  38  4:40  Drone x2  
  40  4:57  Evolution Chamber  
  39  5:04  Lair  
  39  5:29  Spine Crawler  
  39  5:31  Roach x2  
  39  5:32  Roach x4  
  50  5:36  Roach  
  50  5:40  Overlord x2  
  52  5:53  Extractor  
  50  6:08  Roach x4  
  51  6:30  Roach  
  51  6:31  Roach x6  
  59  6:51  Drone x6  
  59  6:52  Drone x11  
  59  7:07  Drone  
  59  7:08  Drone  
  61  7:10  Drone x4  
  61  7:15  Zerg Missile Weapons Level 1  
  65  7:17  Roach x15  
  65  7:20  Drone x3  
  68  7:25  Queen  
  64  7:45  Zergling x6  
  64  7:48  Zergling x6  
  68  7:51  Overlord  
  68  7:52  Overlord  
  68  8:03  Glial Reconstitution  
  68  8:14  Spore Crawler  
  67  8:27  Spire  
  67  8:32  Extractor  
  65  8:36  Ravager x2  
  65  8:37  Ravager  
  65  8:40  Zergling x6  
  65  8:41  Zergling x6  
  74  8:47  Overlord  
  74  8:48  Overlord  
  74  8:51  Drone  
  74  8:52  Drone x2  
  74  8:55  Drone  
  64  9:09  Zerg Ground Armor Level 1  
  59  9:15  Zergling x6  
  59  9:16  Zergling x2  
  63  9:20  Ravager  
  63  9:21  Ravager x2  
  66  9:24  Zergling x6  
  66  9:25  Roach x4  
  76  9:53  Roach x11  
  61  10:09  Overlord, Zergling x2  
  61  10:10  Zergling x8  
  60  10:35  Zergling x12  
  59  10:42  Drone x17  
  59  11:03  Zerg Melee Weapons Level 1  
  56  11:11  Hatchery  
  55  11:12  Drone x3  
  55  11:15  Drone x2  
  51  11:36  Zergling x2  
  51  11:37  Zergling x2  
  53  11:40  Zergling x8  
  53  11:41  Zergling x4  
  57  12:12  Zergling x6  
  60  12:15  Zergling x2  
  60  12:16  Zergling x10  
  47  12:51  Zergling x4  
  47  12:52  Zergling x6  
  47  12:55  Zergling x6  
  47  12:57  Roach x3  
  55  13:01  Drone x2  
  55  13:02  Drone  
  43  13:31  Zergling x8  
  43  13:34  Zergling x6  
  46  13:44  Zergling x4  
  46  13:45  Zergling x2  
  47  13:56  Zergling x2  
  47  14:02  Zergling x2  
  49  14:12  Zergling x6  
  52  14:18  Zergling x2  
  52  14:19  Zergling x6  
  53  14:38  Zergling x2  
  53  14:44  Drone x5  
  54  14:46  Zergling x4  
  54  14:47  Zergling x4  
  58  15:05  Zergling x2  
  58  15:28  Zergling x4  
  58  15:29  Zergling x4  
  62  15:46  Zergling x8  
Show
View Real Time Build Order
Export as new Build Order

pupu Protoss - Winner!

Build Orders:  

Get SALT Encoding   

  12  0:01  Probe (Chrono Boost)  
  13  0:12  Probe (Chrono Boost)  
  14  0:19  Pylon  
  14  0:23  Probe (Chrono Boost)  
  15  0:38  Probe (Chrono Boost)  
  15  0:40  Gateway  
  16  0:48  Probe (Chrono Boost)  
  17  0:52  Assimilator  
  17  0:59  Probe (Chrono Boost)  
  18  1:07  Assimilator  
  18  1:09  Probe (Chrono Boost)  
  19  1:18  Forge  
  19  1:20  Probe (Chrono Boost)  
  20  1:30  Probe (Chrono Boost)  
  21  1:41  Probe (Chrono Boost)  
  22  1:51  Cybernetics Core  
  22  1:54  Photon Cannon  
  22  1:58  Probe (Chrono Boost), Pylon  
  23  2:16  Probe (Chrono Boost), Zealot  
  26  2:24  Gateway  
  26  2:27  Probe (Chrono Boost)  
  26  2:28  Warp Gate (Chrono Boost)  
  27  2:31  Protoss Ground Weapons Level 1 (Chrono Boost)  
  27  2:38  Probe  
  27  2:44  Pylon  
  28  2:49  Gateway  
  28  2:56  Probe  
  28  2:58  Adept  
  31  3:21  Nexus  
  31  3:24  Probe  
  32  3:29  Adept  
  34  3:35  Adept  
  34  3:39  Sentry  
  38  3:42  Probe  
  39  3:53  Robotics Facility  
  39  4:02  Pylon  
  39  4:18  Pylon  
  39  4:20  Probe  
  40  4:26  Gateway  
  40  4:27  Pylon  
  40  4:31  Pylon  
  40  4:32  Probe  
  40  4:33  Probe  
  40  4:37  Protoss Ground Armor Level 1 (Chrono Boost)  
  42  4:43  Observer (Chrono Boost)  
  42  4:44  Probe x2  
  45  4:53  Adept  
  45  4:56  Adept  
  45  4:58  Adept  
  51  5:16  Adept x2  
  55  5:24  Adept x2  
  59  5:33  Probe x2  
  61  5:37  Assimilator  
  61  5:40  Pylon  
  61  5:43  Gateway  
  61  5:45  Gateway  
  61  5:47  Gateway  
  61  5:50  Pylon  
  61  5:51  Immortal (Chrono Boost)  
  55  6:57  Stalker x4  
  61  7:05  Immortal (Chrono Boost)  
  61  7:06  Protoss Shields Level 1  
  61  7:07  Mothership Core  
  67  7:08  Probe  
  68  7:22  Stalker x4  
  74  7:23  Stalker x2  
  78  7:39  Observer (Chrono Boost)  
  78  7:44  Stalker  
  81  7:45  Stalker  
  81  7:49  Zealot x5  
  93  7:58  Observer (Chrono Boost)  
  94  8:13  Assimilator  
  94  8:16  Probe  
  94  8:17  Probe  
  96  8:30  Stalker  
  96  8:31  Stalker x2  
  102  8:40  Pylon  
  102  8:43  Pylon  
  102  8:49  Pylon  
  102  8:51  Pylon  
  102  8:53  Pylon  
  100  8:55  Nexus  
  87  9:09  Stalker  
  76  9:10  Stalker x6  
  92  9:17  Immortal (Chrono Boost)  
  92  9:28  Gateway x2  
  92  9:30  Gateway  
  92  9:42  Twilight Council  
  92  9:44  Pylon  
  92  9:46  Probe x2  
  92  9:47  Pylon  
  92  9:52  Pylon  
  94  9:53  Pylon  
  94  9:58  Probe x2  
  88  10:20  Stalker x6  
  88  10:21  Stalker  
  76  10:40  Stalker x3  
  76  10:45  Gateway  
  72  10:51  Stalker x3  
  72  10:53  Sentry  
  72  10:54  Sentry  
  82  11:10  Stalker x2  
  86  11:12  Stalker  
  74  11:37  Probe x3  
  77  11:42  Stalker x2  
  81  11:49  Probe x2  
  81  11:52  Stalker  
  85  11:55  Sentry  
  83  12:14  Pylon  
  83  12:15  Pylon  
  83  12:18  Pylon  
  73  12:50  Stalker x3  
  75  12:53  Sentry  
  75  12:54  Sentry  
  79  13:08  Stalker  
  79  13:12  Sentry  
  83  13:15  Sentry  
  73  13:47  Stalker x4  
  81  14:08  Stalker x5  
  91  14:24  Stalker x2  
  91  14:25  Stalker  
  97  14:42  Stalker x3  
  97  14:44  Sentry  
  105  14:53  Pylon  
  105  15:03  Probe  
  105  15:04  Probe  
Tags
 
Add a new tag
Caveats
  • Supply blocks, unpowered buildings, or Contaminate may cause inaccurate times.
  • Supply counts are checked every 10 seconds.